APP
GREAT FALLS VOYAGERS @ PRINCETON RAYS
10/10/2045
 
TOP OF THE 1ST
Cleveland (APP) Indians batting - Pitching for Bluefield Blue Jays : RHP David Silva
Pitching: RHP David Silva
Batting: RHB Jim Wright 0-0: Swinging Strike
0-1: Swinging Strike
0-2: Strikes out swinging
Batting: SHB Victor Martinez 0-0: Ball
1-0: Ball
2-0: Swinging Strike
2-1: Ball
3-1: Ground out 4-3 (Groundball, 34, EV 101.3 MPH)
Batting: LHB Jesus Romero 0-0: Called Strike
0-1: Foul Ball, location: 2F
0-2: Foul Ball, location: 2F
0-2: Foul Ball, location: 2F
0-2: Ball
1-2: Ball
2-2: SINGLE (Groundball, 6D, EV 98.8 MPH)
Batting: RHB Jorge Ruelas 0-0: Ball
1-0: Foul Ball, location: 2F
1-1: Ball
2-1: Swinging Strike
2-2: Ball
3-2: Foul Ball, location: 2F
3-2: Foul Ball, location: 2F
3-2: Base on Balls
Jesus Romero to second
Batting: RHB Dave Lanman 0-0: Called Strike
0-1: Ball
1-1: Ball
2-1: Ball
3-1: Called Strike
3-2: Ground out 5-3 (Groundball, 56, EV 101.3 MPH)
Top of the 1st over - 0 runs, 1 hit, 0 errors, 2 left on base; Cleveland (APP) 0 - Bluefield 0
BOTTOM OF THE 1ST
Bluefield Blue Jays batting - Pitching for Cleveland (APP) Indians : RHP Scott Hest
Pitching: RHP Scott Hest
Batting: RHB Mario Alfaro 0-0: Ball
1-0: Called Strike
1-1: Ball
2-1: Ball
3-1: Foul Ball, location: 2F
3-2: Base on Balls
Batting: RHB Sung-ho Lee 0-0: Called Strike
0-1: Ball
1-1: Ball
2-1: Ball
3-1: Foul Ball, location: 2F
3-2: Foul Ball, location: 2F
3-2: SINGLE (Groundball, 34D, EV 108.1 MPH)
Mario Alfaro to second
Runner from 2nd tries for 3rd, OUT! 9-5
Batting: SHB Orlando Lopez 0-0: Called Strike
0-1: Foul Ball, location: 2F
0-2: SINGLE (Groundball, 4D, EV 108.8 MPH)
Sung-ho Lee to second
Sung-ho Lee to third
Batting: RHB Murray Yerzy 0-0: Called Strike
0-1: Called Strike
0-2: Ball
1-2: Ball
2-2: Grounds into double play, 6-4-3 (Groundball, 56, EV 100.6 MPH)
Bottom of the 1st over - 0 runs, 2 hits, 0 errors, 1 left on base; Cleveland (APP) 0 - Bluefield 0
TOP OF THE 2ND
Cleveland (APP) Indians batting - Pitching for Bluefield Blue Jays : RHP David Silva
Batting: LHB Jerry Sweeney 0-0: Called Strike
0-1: Called Strike
0-2: Ground out 6-3 (Groundball, 6, EV 83.1 MPH)
Batting: LHB Joe Ring 0-0: Called Strike
0-1: Ball
1-1: Ball
2-1: Ground out 5-3 (Groundball, 5, EV 91.9 MPH)
Batting: LHB Cesar Valdez 0-0: Ball
1-0: Ball
2-0: Ball
3-0: Called Strike
3-1: Ground out 4-3 (Groundball, 4, EV 82.5 MPH)
Top of the 2nd over - 0 runs, 0 hits, 0 errors, 0 left on base; Cleveland (APP) 0 - Bluefield 0
BOTTOM OF THE 2ND
Bluefield Blue Jays batting - Pitching for Cleveland (APP) Indians : RHP Scott Hest
Batting: LHB Jokichi Shimada 0-0: Called Strike
0-1: Foul Ball, location: 2F
0-2: Ball
1-2: Foul Ball, location: 2F
1-2: Ball
2-2: Foul Ball, location: 2F
2-2: Ball
3-2: TRIPLE (Line Drive, 78XD, EV 105.6 MPH)
Batting: RHB Jason Calvi 0-0: Ball
1-0: Ball
2-0: Foul Ball, location: 2F
2-1: Foul Ball, location: 2F
2-2: Strikes out swinging
Batting: RHB Mel Medlin 0-0: Ball
1-0: Ball
2-0: Called Strike
2-1: Fly out, F4 (Popup, 4, EV 70.0 MPH)
Batting: RHB Jose Amparan 0-0: Ball
Passed Ball!
Jokichi Shimada scores
1-0: Called Strike
1-1: Swinging Strike
1-2: Strikes out swinging
Bottom of the 2nd over - 1 run, 1 hit, 0 errors, 0 left on base; Cleveland (APP) 0 - Bluefield 1
TOP OF THE 3RD
Cleveland (APP) Indians batting - Pitching for Bluefield Blue Jays : RHP David Silva
Batting: SHB Kaden Hutchinson 0-0: Called Strike
0-1: Swinging Strike
0-2: Strikes out swinging
Batting: RHB Jim Wright 0-0: Called Strike
0-1: Foul Ball, location: 2F
0-2: Foul Ball, location: 2F
0-2: Ball
1-2: Foul Ball, location: 2F
1-2: Ball
2-2: Strikes out swinging
Batting: SHB Victor Martinez 0-0: Foul Ball, location: 2F
0-1: Ball
1-1: Swinging Strike
1-2: Strikes out swinging
Top of the 3rd over - 0 runs, 0 hits, 0 errors, 0 left on base; Cleveland (APP) 0 - Bluefield 1
BOTTOM OF THE 3RD
Bluefield Blue Jays batting - Pitching for Cleveland (APP) Indians : RHP Scott Hest
Batting: RHB Tyler Gray 0-0: Ball
1-0: Called Strike
1-1: Foul Ball, location: 2F
1-2: Ball
2-2: Ball
3-2: Ground out 5-3 (Groundball, 56S, EV 86.3 MPH)
Batting: RHB Mario Alfaro 0-0: Ball
1-0: Foul Ball, location: 2F
1-1: Swinging Strike
1-2: Ball
2-2: Foul Ball, location: 2F
2-2: Ball
3-2: Strikes out swinging
Batting: RHB Sung-ho Lee 0-0: Foul Ball, location: 2F
0-1: Ball
1-1: Foul Ball, location: 2F
1-2: Ball
2-2: SINGLE (Line Drive, 3D, EV 96.9 MPH)
Batting: SHB Orlando Lopez 0-0: Foul Ball, location: 2F
0-1: SINGLE (Line Drive, 6D, EV 108.1 MPH)
Sung-ho Lee to second
Runner from 2nd tries for 3rd, SAFE, no throw by LF
Batting: RHB Murray Yerzy 0-0: Foul Ball, location: 2F
0-1: Foul Ball, location: 2F
0-2: Fly out, F7 (Line Drive, 7, EV 97.5 MPH)
Bottom of the 3rd over - 0 runs, 2 hits, 0 errors, 2 left on base; Cleveland (APP) 0 - Bluefield 1
TOP OF THE 4TH
Cleveland (APP) Indians batting - Pitching for Bluefield Blue Jays : RHP David Silva
Batting: LHB Jesus Romero 0-0: TRIPLE (Line Drive, 78XD, EV 107.5 MPH)
Batting: RHB Jorge Ruelas 0-0: Swinging Strike
0-1: Called Strike
0-2: Ball
1-2: Strikes out swinging
Batting: RHB Dave Lanman 0-0: Ball
Wild Pitch!
Jesus Romero scores
1-0: Ball
2-0: Ball
3-0: Base on Balls
Batting: LHB Jerry Sweeney 0-0: Called Strike
0-1: Foul Ball, location: 2F
0-2: Foul Ball, location: 2F
0-2: Ball
1-2: Ball
2-2: Foul Ball, location: 2F
2-2: Ground out U3 (Groundball, 3S, EV 68.8 MPH)
Dave Lanman to second
Batting: LHB Joe Ring 0-0: Intentional Walk
Batting: LHB Cesar Valdez 0-0: Foul Ball, location: 2F
0-1: Foul Ball, location: 2F
0-2: Strikes out swinging
Top of the 4th over - 1 run, 1 hit, 0 errors, 2 left on base; Cleveland (APP) 1 - Bluefield 1
BOTTOM OF THE 4TH
Bluefield Blue Jays batting - Pitching for Cleveland (APP) Indians : RHP Scott Hest
Batting: LHB Jokichi Shimada 0-0: Foul Ball, location: 2F
0-1: Fly out, F9 (Flyball, 9, EV 95.6 MPH)
Batting: RHB Jason Calvi 0-0: Foul Ball, location: 2F
0-1: Ground out 6-3 (Groundball, 6, EV 83.1 MPH)
Batting: RHB Mel Medlin 0-0: Ball
1-0: Ground out 1-3 (Groundball, 34S, EV 83.8 MPH)
Bottom of the 4th over - 0 runs, 0 hits, 0 errors, 0 left on base; Cleveland (APP) 1 - Bluefield 1
TOP OF THE 5TH
Cleveland (APP) Indians batting - Pitching for Bluefield Blue Jays : RHP David Silva
Batting: SHB Kaden Hutchinson 0-0: Ground out 5-3 (Groundball, 56S, EV 83.1 MPH)
Pitching: RHP Robert Cucci
Batting: RHB Jim Wright 0-0: Foul Ball, location: 2F
0-1: Ball
1-1: Swinging Strike
1-2: Foul Ball, location: 2F
1-2: Foul Ball, location: 2F
1-2: Strikes out swinging
Batting: SHB Victor Martinez 0-0: Ball
1-0: Ground out 6-3 (Groundball, 6M, EV 88.8 MPH)
Top of the 5th over - 0 runs, 0 hits, 0 errors, 0 left on base; Cleveland (APP) 1 - Bluefield 1
BOTTOM OF THE 5TH
Bluefield Blue Jays batting - Pitching for Cleveland (APP) Indians : RHP Scott Hest
Batting: RHB Jose Amparan 0-0: Ball
1-0: Ball
2-0: Ball
3-0: Called Strike
3-1: Fly out, F8 (Flyball, 8RD, EV 87.5 MPH)
Batting: RHB Tyler Gray 0-0: Ball
1-0: Swinging Strike
1-1: Foul Ball, location: 2F
1-2: Ball
2-2: Ball
3-2: Ground out 1-3 (Groundball, 13, EV 85.0 MPH)
Batting: RHB Mario Alfaro 0-0: Foul Ball, location: 2F
0-1: Called Strike
0-2: SINGLE (Flyball, 89S, EV 90.0 MPH)
Pitching: LHP Sergio Samano
Batting: RHB Sung-ho Lee 0-0: Called Strike
Mario Alfaro steals 2nd base
0-1: Swinging Strike
0-2: Foul Ball, location: 2F
0-2: Ball
1-2: Ball
2-2: Ball
3-2: Base on Balls
Batting: SHB Orlando Lopez 0-0: Called Strike
0-1: Ball
1-1: Foul Ball, location: 2F
1-2: Foul Ball, location: 2F
1-2: Ball
2-2: Fly out, F4 (Popup, 4MD, EV 59.4 MPH)
Bottom of the 5th over - 0 runs, 1 hit, 0 errors, 2 left on base; Cleveland (APP) 1 - Bluefield 1
TOP OF THE 6TH
Cleveland (APP) Indians batting - Pitching for Bluefield Blue Jays : RHP Robert Cucci
Batting: LHB Jesus Romero 0-0: Called Strike
0-1: Ground out U3 (Groundball, 34, EV 84.4 MPH)
Batting: RHB Jorge Ruelas 0-0: Fly out, F3 (Popup, 34, EV 65.0 MPH)
Batting: RHB Dave Lanman 0-0: Ball
1-0: Foul Ball, location: 2F
1-1: Ball
2-1: Foul Ball, location: 2F
2-2: TRIPLE (Line Drive, 78XD, EV 99.4 MPH)
Batting: LHB Jerry Sweeney 0-0: Called Strike
0-1: Called Strike
0-2: Ball
1-2: Ball
2-2: Ball
3-2: Foul Ball, location: 2F
3-2: SINGLE (Groundball, 56D, EV 107.5 MPH)
Dave Lanman scores
Batting: LHB Joe Ring 0-0: Foul Ball, location: 2F
0-1: Foul Ball, location: 2F
0-2: Ground out 4-3 (Groundball, 4, EV 87.5 MPH)
Top of the 6th over - 1 run, 2 hits, 0 errors, 1 left on base; Cleveland (APP) 2 - Bluefield 1
BOTTOM OF THE 6TH
Bluefield Blue Jays batting - Pitching for Cleveland (APP) Indians : LHP Sergio Samano
Batting: RHB Murray Yerzy 0-0: Foul Ball, location: 2F
0-1: Fly out, F8 (Line Drive, 8LD, EV 85.6 MPH)
Batting: LHB Jokichi Shimada 0-0: Ball
1-0: Ball
2-0: Ball
3-0: Called Strike
3-1: Foul Ball, location: 2F
3-2: Base on Balls
Batting: RHB Jason Calvi 0-0: Swinging Strike
0-1: Ball
1-1: Swinging Strike
1-2: Ball
2-2: Ball
3-2: Foul Ball, location: 2F
3-2: Base on Balls
Jokichi Shimada to second
Pitching: RHP Ignatius Steinberg
Batting: RHB Mel Medlin 0-0: Called Strike
0-1: SINGLE (Line Drive, 8LS, EV 106.3 MPH)
Jokichi Shimada to third
Jason Calvi to second
Batting: RHB Jose Amparan 0-0: Ball
1-0: Foul Ball, location: 2F
1-1: Ball
2-1: GRAND SLAM HOME RUN (Line Drive, 7LD, EV 100.0 MPH), Distance : 360 ft
Batting: RHB Tyler Gray 0-0: TRIPLE (Line Drive, 9LD, EV 109.4 MPH)
Batting: RHB Mario Alfaro 0-0: Intentional Walk
Batting: RHB Sung-ho Lee 0-0: Ball
1-0: Called Strike
1-1: Foul Ball, location: 2F
1-2: Fielders Choice at 2nd, 4-6 (Groundball, 4MD, EV 93.1 MPH)
Tyler Gray scores
Pitching: LHP Steve Shearman
Batting: SHB Orlando Lopez 0-0: Ball
1-0: Foul Ball, location: 2F
1-1: Ball
2-1: Ball
3-1: Base on Balls
Sung-ho Lee to second
Batting: RHB Murray Yerzy 0-0: Called Strike
0-1: Foul Ball, location: 2F
0-2: Ball
1-2: Foul Ball, location: 2F
1-2: Strikes out looking
Bottom of the 6th over - 5 runs, 3 hits, 0 errors, 2 left on base; Cleveland (APP) 2 - Bluefield 6
TOP OF THE 7TH
Cleveland (APP) Indians batting - Pitching for Bluefield Blue Jays : RHP Robert Cucci
Pitching: RHP Justin Ramirez
Batting: LHB Cesar Valdez 0-0: Ball
1-0: Swinging Strike
1-1: Ground out 1-3 (Groundball, 34S, EV 71.3 MPH)
Batting: SHB Kaden Hutchinson 0-0: Called Strike
0-1: Hit by Pitch
Batting: RHB Jim Wright 0-0: Swinging Strike
0-1: SINGLE (Line Drive, 9S, EV 106.3 MPH)
Kaden Hutchinson to second
Batting: SHB Victor Martinez 0-0: Ball
1-0: Foul Ball, location: 2F
1-1: Called Strike
1-2: Strikes out swinging
Pitching: LHP David Miller
Batting: LHB Jesus Romero 0-0: Called Strike
0-1: Swinging Strike
0-2: Strikes out looking
Top of the 7th over - 0 runs, 1 hit, 0 errors, 2 left on base; Cleveland (APP) 2 - Bluefield 6
BOTTOM OF THE 7TH
Bluefield Blue Jays batting - Pitching for Cleveland (APP) Indians : LHP Steve Shearman
Batting: LHB Jokichi Shimada 0-0: Swinging Strike
0-1: Foul Ball, location: 2F
0-2: Ball
1-2: Foul Ball, location: 2F
1-2: DOUBLE (Line Drive, 7LM, EV 109.4 MPH)
Batting: RHB Jason Calvi 0-0: Ball
1-0: Foul Ball, location: 2F
1-1: Swinging Strike
1-2: Ground out 4-3 (Groundball, 4, EV 76.9 MPH)
Jokichi Shimada to third
Batting: RHB Mel Medlin 0-0: Intentional Walk
Batting: RHB Jose Amparan 0-0: Called Strike
0-1: SINGLE (Line Drive, 9S, EV 98.1 MPH)
Jokichi Shimada scores
Mel Medlin to second
Batting: RHB Tyler Gray 0-0: Foul Ball, location: 2F
0-1: Foul Ball, location: 2F
0-2: Foul Ball, location: 2F
0-2: Ball
1-2: Ball
2-2: Ball
3-2: Foul Ball, location: 2F
3-2: DOUBLE (Line Drive, 89D, EV 97.5 MPH)
Mel Medlin scores
Jose Amparan to third
Runner from 3rd tries for Home, throw by CF and OUT! 8-4-2
Tyler Gray to third
Batting: RHB Mario Alfaro 0-0: Ball
1-0: Ball
2-0: Ball
3-0: Base on Balls
Batting: RHB Sung-ho Lee 0-0: Ball
Wild Pitch!
Tyler Gray scores
Mario Alfaro to second
1-0: Foul Ball, location: 2F
1-1: Swinging Strike
1-2: Ground out 2-3 (Groundball, 2R, EV 63.1 MPH)
Bottom of the 7th over - 3 runs, 3 hits, 0 errors, 1 left on base; Cleveland (APP) 2 - Bluefield 9
TOP OF THE 8TH
Cleveland (APP) Indians batting - Pitching for Bluefield Blue Jays : LHP David Miller
Pitching: RHP Chris Varner
Pinch Hitting: RHB Brody Long 0-0: Ground out U3 (Groundball, 34S, EV 88.1 MPH)
Batting: RHB Dave Lanman 0-0: Ball
1-0: Ball
2-0: SINGLE (Groundball, 34D, EV 110.6 MPH)
Batting: LHB Jerry Sweeney 0-0: Ball
1-0: Swinging Strike
1-1: Ball
2-1: Swinging Strike
2-2: Strikes out looking
Batting: LHB Joe Ring 0-0: Swinging Strike
0-1: Called Strike
0-2: Fly out, F7 (Flyball, 78S, EV 80.6 MPH)
Top of the 8th over - 0 runs, 1 hit, 0 errors, 1 left on base; Cleveland (APP) 2 - Bluefield 9
BOTTOM OF THE 8TH
Bluefield Blue Jays batting - Pitching for Cleveland (APP) Indians : LHP Steve Shearman
Now at 1B: Mike Taylor
Batting: SHB Orlando Lopez 0-0: Ball
1-0: Ball
2-0: DOUBLE (Flyball, 8RXD, EV 89.4 MPH)
Pitching: RHP Tom Moss
Batting: RHB Murray Yerzy 0-0: Ball
1-0: Ball
Wild Pitch!
Orlando Lopez to third
2-0: 2-RUN HOME RUN (Flyball, 7D, EV 98.8 MPH), Distance : 383 ft
Pinch Hitting: LHB Kevin DeFreest 0-0: Called Strike
0-1: Swinging Strike
0-2: Fly out, F9 (Flyball, 9LS, EV 88.1 MPH)
Batting: RHB Jason Calvi 0-0: Ball
1-0: Foul Ball, location: 2F
1-1: Ball
2-1: Ball
3-1: Base on Balls
Batting: RHB Mel Medlin 0-0: Ball
1-0: Called Strike
1-1: Foul Ball, location: 2F
1-2: Strikes out looking
Batting: RHB Jose Amparan 0-0: Called Strike
0-1: Ball
1-1: SINGLE (Groundball, 6MD, EV 104.4 MPH)
Jason Calvi to second
Batting: RHB Tyler Gray 0-0: Called Strike
0-1: Foul Ball, location: 2F
0-2: Foul Ball, location: 2F
0-2: Ball
1-2: Strikes out swinging
Bottom of the 8th over - 2 runs, 3 hits, 0 errors, 2 left on base; Cleveland (APP) 2 - Bluefield 11
TOP OF THE 9TH
Cleveland (APP) Indians batting - Pitching for Bluefield Blue Jays : RHP Chris Varner
Now in RF: Kevin DeFreest
Batting: LHB Cesar Valdez 0-0: Ball
1-0: Ball
2-0: Ball
3-0: Base on Balls
Batting: SHB Kaden Hutchinson 0-0: Called Strike
0-1: Foul Ball, location: 2F
0-2: Strikes out swinging
Batting: RHB Jim Wright 0-0: Called Strike
0-1: Fielders Choice at 2nd, 3-6 (Groundball, 34, EV 86.3 MPH)
Batting: SHB Victor Martinez 0-0: Ball
1-0: Ball
2-0: Fly out, F7 (Flyball, 7LMF, EV 101.9 MPH)
Top of the 9th over - 0 runs, 0 hits, 0 errors, 1 left on base; Cleveland (APP) 2 - Bluefield 11
Wednesday, June 22nd , 2022 - OOTP Baseball 23.4 Build 64